 Dungeon Crawl Stone Soup version 0.29.1-1-gd02db6906a (webtiles) character file.

Game seed: 3361581574951218421

68 xian the Cutter (level 4, -3/37 HPs)
             Began as a Draconian Wanderer on Sept 19, 2022.
             Killed by nerve-wracking pain
             ... invoked by Grinder
              (14 damage)
             ... while paralysed by Grinder
             ... on level 3 of the Dungeon.
             The game lasted 00:04:55 (1574 turns).

xian the Cutter (Draconian Wanderer)                Turns: 1574, Time: 00:04:55

Health: -3/37      AC:  5    Str: 14    XL:     4   Next: 1%
Magic:  5/5        EV:  2    Int: 10    God:
Gold:   106        SH:  0    Dex: 15    Spells: 5/5 levels left

rFire   . . .      SeeInvis .   a - +3 short sword
rCold   . . .      Faith    .   (no shield)
rNeg    . . .      Spirit   .   (body armour unavailable)
rPois   .          Reflect  .   (helmet restricted)
rElec   .          Harm     .   (no cloak)
rCorr   .          Rampage  .   (no gloves)
Will    .....                   (no boots)
Stlth   ++........              d - amulet of regeneration
HPRegen 0.92/turn               (no ring)
MPRegen 0.09/turn               (no ring)

@: paralysed
A: AC +5, unfitting armour, cold-blooded, horns 1, evolution 1
a: no special abilities


You were on level 3 of the Dungeon.
You visited 1 branch of the dungeon, and saw 3 of its levels.

You collected 135 gold pieces.
You spent 29 gold pieces at shops.

Inventory:

Hand Weapons
 a - a +3 short sword (weapon)
 m - the +6 trident of the Valley of Death {freeze, rElec rN++ Str-4 Dex-4}
   (You found it on level 2 of the Dungeon)

   It freezes those it strikes, dealing additional cold damage.
   It can also slow down cold-blooded creatures.
   Str:       It affects your strength (-4).
   Dex:       It affects your dexterity (-4).
   rElec:     It insulates you from electricity.
   rN:        It greatly protects you from negative energy.
Missiles
 i - 6 poisoned darts (quivered)
Jewellery
 d - an amulet of regeneration (around neck)
Scrolls
 b - a scroll of magic mapping {unknown}
 e - 2 scrolls of blinking {unknown}
 f - 4 scrolls of teleportation {unknown}
 l - 2 scrolls of poison {unknown}
 n - a scroll of fog {unknown}
 p - a scroll of immolation {unknown}
Potions
 c - 2 potions of curing
 g - 3 potions of attraction {unknown}
 h - a potion of resistance {unknown}
 j - 2 potions of mutation
 k - 2 potions of flight {unknown}
 o - a potion of might {unknown}


   Skills:
 + Level 2.5 Fighting
 + Level 5.2(5.4) Short Blades
 + Level 2.0(3.9) Long Blades
 + Level 1.3 Dodging
 + Level 0.7 Stealth
 + Level 1.0 Spellcasting


You had 5 spell levels left.
You didn't know any spells.
Your spell library contained the following spells:

 Spells                   Type           Power      Damage    Failure   Level
 Magic Dart               Conj           0%         1d3       34%         1
 Call Imp                 Summ           0%         N/A       45%         2
 Mephitic Cloud           Conj/Pois/Air  0%         N/A       71%         3


Dungeon Overview and Level Annotations

Branches:
Dungeon (3/15)

Altars:

Shops:
D:2 *:(

Annotations:
D:3 Grinder


Innate Abilities, Weirdness & Mutations

Your plain brown scales are hard. (AC +5)
You cannot fit into any form of body armour.
You are cold-blooded and may be slowed by cold attacks.
You have a pair of small horns on your head.
You have hidden genetic potential.


Message History

You barely miss Grinder. You tail-slap Grinder.
Grinder is moderately wounded.
Grinder blinks!
Grinder hits you but does no damage.
You closely miss Grinder. You tail-slap Grinder.
Grinder is moderately wounded.
Grinder hits you but does no damage.
You closely miss Grinder.
Grinder is moderately wounded.
You hit Grinder but do no damage.
Grinder is moderately wounded.
Grinder says, "You look like you could use a good racking."
Grinder gestures at you.
You suddenly lose the ability to move!
Grinder hits you!
* * * LOW HITPOINT WARNING * * *
Grinder barely misses you.
You can move again.
You closely miss Grinder.
Your tail-slap misses Grinder.
Grinder is moderately wounded.
Grinder barely misses you.
Unknown command.
You completely miss Grinder.
Grinder is moderately wounded.
Grinder hits you.
You writhe in agony.
* * * LOW HITPOINT WARNING * * *
Unknown command.
You hit Grinder.
You tail-slap Grinder, but do no damage.
Grinder is heavily wounded.
Grinder hits you but does no damage.
Unknown command.
You hit Grinder but do no damage. Your headbutt misses Grinder.
Grinder is heavily wounded.
Grinder says, "FISH!"
Grinder gestures at you.
You suddenly lose the ability to move!
Grinder gestures at you. Pain shoots through your body!
You die...

#.######.#.# #.# .##
.......#.#.####?# ..###
................###.....
#######.................
#.##.####......<..
#.##.# #.........
#†##.####.........
#.##...†..........
###.#######.@.......
##.#..........5......
####.#.########.........
.>..###.# #.........
####.# ## #.##.###.# #.#
#.# .# # .# #.# .# . #.
## #.


You could see Grinder.

Vanquished Creatures
  An adder (D:2)
  2 worms (D:2)
  2 dart slugs
  An orc (D:3)
  3 ball pythons
  3 bats
  5 endoplasms
  A giant cockroach (D:1)
  7 goblins
  4 hobgoblins
  3 quokkas
  8 frilled lizards
  A kobold (D:2)
  5 rats
46 creatures vanquished.

Notes
Turn   | Place    | Note
-------+----------+-------------------------------------------
     0 | D:1      | xian the Draconian Wanderer began the quest for the Orb.
     0 | D:1      | xian set off with the following items: a +3 short sword, a
                  | +0 falchion, a potion of curing.
     0 | D:1      | Reached XP level 1. HP: 17/17 MP: 2/2
   162 | D:1      | Reached XP level 2. HP: 25/25 MP: 3/3
   596 | D:2      | Found a faded altar of an unknown god.
   602 | D:2      | Found Doffu's Book Shop.
   612 | D:2      | Reached XP level 3. HP: 28/30 MP: 4/4
   663 | D:2      | Reached skill level 5 in Short Blades
   703 | D:2      | Found Pyfuj's Assorted Antiques.
   729 | D:2      | Bought a scroll labelled ETOBALISMIRGH for 29 gold pieces
   942 | D:2      | Found Duiheisu's Antique Weapon Shoppe.
   991 | D:2      | Identified the +6 trident of the Valley of Death {freeze,
                  | rElec rN++ Str-4 Dex-4}
  1524 | D:3      | Noticed Grinder
  1530 | D:3      | Paralysed by Grinder for 2 turns
  1540 | D:3      | Reached XP level 4. HP: 37/37 MP: 5/5
  1546 | D:3      | Paralysed by Grinder for 5 turns
  1555 | D:3      | Gained mutation: You have a pair of small horns on your
                  | head. [potion of mutation]
  1555 | D:3      | Gained mutation: You have hidden genetic potential. [potion
                  | of mutation]
  1567 | D:3      | Paralysed by Grinder for 2 turns
  1573 | D:3      | Paralysed by Grinder for 2 turns
  1574 | D:3      | Killed from afar by Grinder

Illustrated notes

Levels and vault maps discovered:
D:1:      mushboom_english_gardens, layout_loops_ring
D:2:      layout_basic, hellmonk_ecumenical_altar_run_dry, serial_shops, shop,
          shop, shop, minmay_misc_feat_diagonals, minmay_misc_feat_four_crosses,
          minmay_lizard_pond
D:3:      layout_loops_ring, serial_bayou, serial_bayou_pond_e,
          serial_bayou_pond_e, serial_bayou_ford_a, serial_bayou_pond_c,
          st_stairs_2, minmay_quadrilaterals, uniq_natasha, uniq_grinder,
          uniq_terence

Skill      XL: |  1  2  3 |
---------------+----------+-----
Short Blades   | 5 |  5.2
Fighting       | |  2.5
Long Blades    | |  2.0
Dodging        | |  1.3
Stealth        | |  0.7
Spellcasting   | |  1.0

Action                   |  1- 3 |  4- 6 || total
-------------------------+-------+-------++-------
Melee: Short sword       |   125 |    20 ||   145
       Tailslap          |    13 |     5 ||    18
       Trident           |     2 |       ||     2
       Punch             |     1 |       ||     1
  Use: Potion            |       |     2 ||     2
 Stab: Sleeping          |     2 |       ||     2
Armor: Skin              |    29 |     6 ||    35
Dodge: Dodged            |    92 |     6 ||    98
